[ PARTIDA AOE2 · #472327788 ]
UnrankedPersas vs Lithuanians
[ ANÁLISIS DE REPETICIÓN · EXTRAÍDO DE LA PARTIDA GRABADA ]
Feudal
10:44
Castillos
16:37
Imperial
29:26
| APM promedio | 19.0 |
| APM pico | 50 |
| eAPM promedio | 16.7 |
| Aldeanos / militares | 140 / 681 |
Foco
⚔️ 41.6% · 🌾 58.4%
Scout Cavalry ×290 · Archer ×196 · War Elephant ×81 · Scorpion ×65 · Battering Ram ×35 · Trade Cart ×11
Feudal
11:48
Castillos
15:18
Imperial
29:52
| APM promedio | 38.1 |
| APM pico | 99 |
| eAPM promedio | 21.6 |
| Aldeanos / militares | 133 / 363 |
Foco
⚔️ 53.1% · 🌾 46.9%
Scout Cavalry ×129 · Skirmisher ×87 · Archer ×51 · Bombard Cannon ×43 · Hand Cannoneer ×34 · Organ Gun ×18
Feudal
10:59
Castillos
15:38
Imperial
34:51
| APM promedio | 20.9 |
| APM pico | 73 |
| eAPM promedio | 18.2 |
| Aldeanos / militares | 98 / 251 |
Foco
⚔️ 63.9% · 🌾 36.1%
Unknown (882) ×312 · Militia ×139 · Genoese Crossbowman ×85 · Trade Cart ×38 · Bombard Cannon ×24 · Monk ×3
Feudal
13:10
Castillos
17:08
Imperial
31:41
| APM promedio | 23.9 |
| APM pico | 56 |
| eAPM promedio | 14.7 |
| Aldeanos / militares | 137 / 314 |
Foco
⚔️ 28.8% · 🌾 71.2%
Militia ×186 · Archer ×92 · Trade Cart ×41 · Battering Ram ×28 · Trebuchet (Packed) ×7 · Monk ×1
Feudal
—
Castillos
—
Imperial
—
| APM promedio | 703.4 |
| APM pico | 2878 |
| eAPM promedio | 702.6 |
| Aldeanos / militares | 0 / 341 |
Foco
⚔️ 79.7% · 🌾 20.3%
Skirmisher ×128 · Scout Cavalry ×75 · Spearman ×48 · Hussite Wagon ×46 · Monk ×20 · Mangonel ×13
Feudal
—
Castillos
—
Imperial
—
| APM promedio | 815.3 |
| APM pico | 8166 |
| eAPM promedio | 813.3 |
| Aldeanos / militares | 0 / 827 |
Foco
⚔️ 73.9% · 🌾 26.1%
Spearman ×239 · Plumed Archer ×168 · Eagle Scout ×130 · Eagle Warrior ×103 · Skirmisher ×79 · Battering Ram ×40
Feudal
—
Castillos
—
Imperial
—
| APM promedio | 742.0 |
| APM pico | 6086 |
| eAPM promedio | 740.4 |
| Aldeanos / militares | 0 / 344 |
Foco
⚔️ 65.2% · 🌾 34.8%
Chu Ko Nu ×160 · Skirmisher ×69 · Scout Cavalry ×51 · Archer ×27 · Battering Ram ×22 · Monk ×10
Feudal
—
Castillos
—
Imperial
—
| APM promedio | 514.8 |
| APM pico | 4796 |
| eAPM promedio | 514.3 |
| Aldeanos / militares | 0 / 298 |
Foco
⚔️ 80.3% · 🌾 19.7%
Scout Cavalry ×90 · Knight ×71 · Skirmisher ×51 · Hand Cannoneer ×33 · Battering Ram ×23 · Mangonel ×16
Mapa de la partida
Recursos iniciales + cada clic de construcción. Líneas = muros · curvas = relieve. ◆ oro · ⬟ piedra · ● bayas · ✦ reliquia · ◌ hueco del cierre
Tu base· ✓ Cerrada en 16:37 · 0t muro · 3 puerta(s)
Base de 斯提里科· ✓ Cerrada en 15:18 · 0t muro · 2 puerta(s)
Base de nandaring· ✓ Cerrada en 15:38 · 0t muro · 2 puerta(s)
Base de 三七互娱· ✓ Cerrada en 17:08 · 0t muro · 3 puerta(s)
Base de · ✓ Cerrada en 12:00 · 0t muro · 3 puerta(s)
Base de · ✓ Cerrada en 12:00 · 0t muro · 2 puerta(s)
Base de · ✓ Cerrada en 12:00 · 0t muro · 3 puerta(s)
Base de · ✓ Cerrada en 12:00 · 0t muro · 2 puerta(s)
Terreno inicial suavizado · ◌ = hueco del cierre detectado · pasá el cursor para detalles
Inputs por minuto
— @(・●・)@ - - 斯提里科
Build order — @(・●・)@
Primeras 150 de 684 acciones detectadas
| 0:01 | Crear | Villager (Male) |
| 0:01 | Crear | Villager (Male) |
| 0:01 | Crear | Villager (Male) |
| 0:02 | Crear | Villager (Male) |
| 0:04 | Crear | Villager (Male) |
| 0:09 | Construir | House |
| 0:17 | Construir | House |
| 1:45 | Crear | Villager (Male) |
| 2:09 | Crear | Villager (Male) |
| 2:57 | Construir | Mill |
| 3:18 | Crear | Villager (Male) |
| 3:18 | Crear | Villager (Male) |
| 3:24 | Crear | Villager (Male) |
| 3:55 | Construir | Lumber Camp |
| 4:02 | Crear | Villager (Male) |
| 4:06 | Crear | Villager (Male) |
| 4:36 | Crear | Villager (Male) |
| 4:58 | Construir | House |
| 5:02 | Construir | House |
| 5:19 | Crear | Villager (Male) |
| 5:41 | Construir | Mill |
| 5:51 | Crear | Villager (Male) |
| 5:51 | Crear | Villager (Male) |
| 6:29 | Construir | House |
| 6:37 | Crear | Villager (Male) |
| 6:38 | Crear | Villager (Male) |
| 7:11 | Crear | Villager (Male) |
| 8:00 | Construir | Farm |
| 8:33 | Investigar | Feudal Age |
| 9:41 | Construir | House |
| 10:04 | Crear | Villager (Male) |
| 10:04 | Crear | Villager (Male) |
| 10:15 | Construir | Mining Camp |
| 10:44 | Edad | Edad Feudal |
| 11:09 | Construir | Blacksmith |
| 11:53 | Construir | Farm |
| 11:55 | Construir | Farm |
| 12:32 | Construir | Barracks |
| 12:59 | Construir | Market |
| 13:08 | Crear | Villager (Male) |
| 13:16 | Crear | Villager (Male) |
| 14:07 | Construir | Stable |
| 14:12 | Investigar | Castle Age |
| 14:32 | Construir | House |
| 14:35 | Construir | House |
| 14:54 | Investigar | Horse Collar |
| 14:56 | Investigar | Double-Bit Axe |
| 15:12 | Construir | House |
| 15:54 | Crear | Villager (Male) |
| 15:55 | Crear | Villager (Male) |
| 16:06 | Construir | Farm |
| 16:11 | Construir | Farm |
| 16:33 | Crear | Villager (Male) |
| 16:37 | Edad | Edad de los Castillos |
| 16:47 | Construir | Monastery |
| 16:55 | Construir | Town Center |
| 17:08 | Crear | Knight |
| 17:09 | Crear | Knight |
| 17:12 | Crear | Monk |
| 17:12 | Crear | Monk |
| 17:30 | Construir | Farm |
| 17:32 | Construir | Farm |
| 18:10 | Crear | Knight |
| 18:33 | Crear | Villager (Male) |
| 18:33 | Crear | Villager (Male) |
| 18:39 | Construir | House |
| 18:40 | Construir | House |
| 18:44 | Construir | House |
| 19:02 | Construir | Farm |
| 19:02 | Construir | Farm |
| 19:02 | Construir | Farm |
| 19:31 | Crear | Villager (Male) |
| 19:33 | Construir | Farm |
| 19:34 | Construir | Farm |
| 19:38 | Crear | Villager (Male) |
| 19:38 | Crear | Villager (Male) |
| 19:39 | Crear | Villager (Male) |
| 19:45 | Construir | Lumber Camp |
| 19:49 | Crear | Villager (Male) |
| 19:51 | Crear | Villager (Male) |
| 20:03 | Crear | Villager (Male) |
| 20:41 | Crear | Monk |
| 20:47 | Construir | Farm |
| 20:47 | Construir | Farm |
| 20:47 | Construir | Farm |
| 20:56 | Crear | Villager (Male) |
| 20:59 | Construir | Farm |
| 21:00 | Construir | Farm |
| 21:07 | Construir | House |
| 21:08 | Construir | House |
| 21:09 | Construir | House |
| 21:10 | Construir | House |
| 21:15 | Crear | Villager (Male) |
| 21:15 | Crear | Villager (Male) |
| 21:16 | Crear | Villager (Male) |
| 21:50 | Crear | Villager (Male) |
| 21:51 | Crear | Villager (Male) |
| 21:56 | Construir | Farm |
| 22:00 | Construir | Farm |
| 22:01 | Construir | Farm |
| 22:01 | Construir | Farm |
| 22:01 | Construir | Farm |
| 22:13 | Crear | Villager (Male) |
| 22:13 | Crear | Villager (Male) |
| 22:16 | Crear | Villager (Male) |
| 22:27 | Construir | House |
| 22:28 | Construir | House |
| 22:51 | Crear | Villager (Male) |
| 22:52 | Crear | Villager (Male) |
| 22:56 | Crear | Villager (Male) |
| 22:57 | Construir | Farm |
| 23:21 | Crear | Villager (Male) |
| 23:21 | Crear | Villager (Male) |
| 23:40 | Construir | Farm |
| 23:41 | Construir | Farm |
| 23:41 | Construir | Farm |
| 23:41 | Construir | Farm |
| 23:41 | Construir | Farm |
| 23:44 | Construir | Farm |
| 23:44 | Construir | Farm |
| 23:44 | Construir | Farm |
| 23:50 | Crear | Villager (Male) |
| 24:07 | Construir | University |
| 24:22 | Crear | Villager (Male) |
| 24:23 | Crear | Villager (Male) |
| 25:16 | Construir | Castle |
| 25:20 | Construir | Mill |
| 25:53 | Construir | House |
| 25:54 | Construir | House |
| 25:56 | Crear | Villager (Male) |
| 25:57 | Crear | Villager (Male) |
| 25:58 | Construir | Farm |
| 26:00 | Crear | Villager (Male) |
| 26:01 | Crear | Villager (Male) |
| 26:07 | Construir | Farm |
| 26:19 | Construir | Town Center |
| 26:40 | Investigar | Imperial Age |
| 26:41 | Investigar | Wheelbarrow |
| 26:46 | Construir | Farm |
| 27:07 | Construir | House |
| 27:08 | Construir | House |
| 27:30 | Construir | Farm |
| 27:30 | Construir | Farm |
| 27:31 | Construir | Farm |
| 27:53 | Crear | Villager (Male) |
| 27:54 | Crear | Villager (Male) |
| 28:01 | Investigar | Masonry |
| 28:14 | Crear | Villager (Male) |
| 28:15 | Crear | Villager (Male) |
| 28:16 | Crear | Villager (Male) |
Build order — 斯提里科
Primeras 150 de 686 acciones detectadas
| 0:00 | Crear | Villager (Male) |
| 0:00 | Crear | Villager (Male) |
| 0:01 | Crear | Villager (Male) |
| 0:02 | Construir | House |
| 0:04 | Construir | House |
| 0:25 | Crear | Villager (Male) |
| 0:25 | Crear | Villager (Male) |
| 1:26 | Crear | Villager (Male) |
| 1:26 | Crear | Villager (Male) |
| 1:52 | Construir | Lumber Camp |
| 1:57 | Crear | Villager (Male) |
| 2:00 | Crear | Villager (Male) |
| 2:37 | Crear | Villager (Male) |
| 2:59 | Crear | Villager (Male) |
| 3:33 | Construir | House |
| 3:37 | Crear | Villager (Male) |
| 3:45 | Crear | Villager (Male) |
| 3:45 | Crear | Villager (Male) |
| 3:56 | Construir | Mill |
| 4:17 | Crear | Villager (Male) |
| 4:51 | Crear | Villager (Male) |
| 5:06 | Construir | House |
| 5:28 | Crear | Villager (Male) |
| 5:29 | Crear | Villager (Male) |
| 6:02 | Crear | Villager (Male) |
| 6:03 | Crear | Villager (Male) |
| 6:31 | Construir | House |
| 6:47 | Crear | Villager (Male) |
| 6:47 | Crear | Villager (Male) |
| 7:13 | Construir | Mining Camp |
| 7:27 | Crear | Villager (Male) |
| 7:29 | Crear | Villager (Male) |
| 8:28 | Construir | Mill |
| 8:42 | Crear | Villager (Male) |
| 8:43 | Crear | Villager (Male) |
| 8:57 | Investigar | Feudal Age |
| 10:14 | Construir | Farm |
| 10:15 | Construir | Farm |
| 10:15 | Construir | Farm |
| 10:15 | Construir | Farm |
| 10:44 | Crear | Villager (Male) |
| 10:44 | Crear | Villager (Male) |
| 11:48 | Edad | Edad Feudal |
| 11:54 | Construir | Market |
| 11:59 | Construir | Blacksmith |
| 12:36 | Investigar | Castle Age |
| 12:46 | Construir | Lumber Camp |
| 12:54 | Investigar | Double-Bit Axe |
| 13:07 | Construir | House |
| 13:08 | Construir | House |
| 13:09 | Construir | House |
| 13:11 | Investigar | Horse Collar |
| 13:45 | Construir | Farm |
| 13:46 | Construir | Farm |
| 13:48 | Construir | Farm |
| 14:20 | Crear | Villager (Male) |
| 14:20 | Crear | Villager (Male) |
| 14:33 | Construir | House |
| 14:34 | Construir | House |
| 15:18 | Edad | Edad de los Castillos |
| 15:24 | Construir | Town Center |
| 15:35 | Construir | Town Center |
| 15:46 | Crear | Villager (Male) |
| 15:46 | Crear | Villager (Male) |
| 15:46 | Crear | Villager (Male) |
| 15:47 | Crear | Villager (Male) |
| 15:51 | Investigar | Bow Saw |
| 16:11 | Crear | Villager (Male) |
| 16:12 | Crear | Villager (Male) |
| 16:12 | Crear | Villager (Male) |
| 16:20 | Investigar | Wheelbarrow |
| 16:22 | Crear | Villager (Male) |
| 16:22 | Crear | Villager (Male) |
| 16:34 | Construir | Farm |
| 16:35 | Construir | Farm |
| 16:36 | Construir | Farm |
| 16:42 | Crear | Villager (Male) |
| 16:43 | Crear | Villager (Male) |
| 16:55 | Crear | Villager (Male) |
| 17:13 | Crear | Villager (Male) |
| 17:14 | Crear | Villager (Male) |
| 17:22 | Construir | Farm |
| 17:23 | Construir | Farm |
| 17:23 | Construir | Farm |
| 17:23 | Construir | Farm |
| 17:25 | Crear | Villager (Male) |
| 17:37 | Construir | Farm |
| 17:38 | Construir | Farm |
| 17:40 | Crear | Villager (Male) |
| 17:53 | Construir | House |
| 17:54 | Construir | House |
| 17:55 | Construir | House |
| 17:58 | Construir | House |
| 17:59 | Construir | House |
| 18:01 | Crear | Villager (Male) |
| 18:12 | Crear | Villager (Male) |
| 18:20 | Construir | Town Center |
| 18:23 | Crear | Villager (Male) |
| 18:28 | Crear | Villager (Male) |
| 18:41 | Construir | Farm |
| 18:41 | Construir | Farm |
| 18:41 | Construir | Farm |
| 18:43 | Crear | Villager (Male) |
| 18:43 | Crear | Villager (Male) |
| 18:50 | Crear | Villager (Male) |
| 18:50 | Crear | Villager (Male) |
| 18:56 | Construir | Farm |
| 19:03 | Crear | Villager (Male) |
| 19:03 | Crear | Villager (Male) |
| 19:14 | Crear | Villager (Male) |
| 19:14 | Crear | Villager (Male) |
| 19:18 | Crear | Villager (Male) |
| 19:18 | Crear | Villager (Male) |
| 19:30 | Construir | Farm |
| 19:30 | Construir | Farm |
| 19:37 | Construir | Farm |
| 19:38 | Crear | Villager (Male) |
| 19:39 | Crear | Villager (Male) |
| 19:44 | Crear | Villager (Male) |
| 19:50 | Crear | Villager (Male) |
| 19:57 | Construir | Farm |
| 19:58 | Crear | Villager (Male) |
| 20:01 | Crear | Villager (Male) |
| 20:02 | Crear | Villager (Male) |
| 20:06 | Construir | House |
| 20:07 | Construir | House |
| 20:08 | Construir | House |
| 20:10 | Construir | House |
| 20:11 | Construir | House |
| 20:13 | Construir | House |
| 20:14 | Crear | Villager (Male) |
| 20:16 | Crear | Villager (Male) |
| 20:26 | Crear | Villager (Male) |
| 20:38 | Construir | Farm |
| 20:42 | Construir | Farm |
| 20:42 | Crear | Villager (Male) |
| 20:43 | Crear | Villager (Male) |
| 20:43 | Crear | Villager (Male) |
| 20:56 | Construir | Farm |
| 20:56 | Crear | Villager (Male) |
| 20:57 | Crear | Villager (Male) |
| 21:16 | Crear | Villager (Male) |
| 21:16 | Crear | Villager (Male) |
| 21:16 | Crear | Villager (Male) |
| 21:21 | Crear | Villager (Male) |
| 21:21 | Crear | Villager (Male) |
| 21:26 | Construir | Farm |
| 21:26 | Construir | Farm |
| 21:26 | Construir | Farm |
| 21:29 | Crear | Villager (Male) |
Build order — nandaring
Primeras 150 de 887 acciones detectadas
| 0:01 | Crear | Villager (Male) |
| 0:01 | Crear | Villager (Male) |
| 0:03 | Crear | Villager (Male) |
| 0:04 | Crear | Villager (Male) |
| 0:12 | Construir | House |
| 0:13 | Construir | House |
| 0:14 | Construir | Lumber Camp |
| 1:22 | Crear | Villager (Male) |
| 2:10 | Crear | Villager (Male) |
| 2:40 | Crear | Villager (Male) |
| 3:11 | Construir | House |
| 3:16 | Crear | Villager (Male) |
| 3:45 | Crear | Villager (Male) |
| 3:46 | Crear | Villager (Male) |
| 4:13 | Construir | Mill |
| 4:39 | Crear | Villager (Male) |
| 4:39 | Crear | Villager (Male) |
| 5:16 | Crear | Villager (Male) |
| 5:37 | Crear | Villager (Male) |
| 5:41 | Construir | House |
| 6:04 | Crear | Villager (Male) |
| 6:17 | Crear | Villager (Male) |
| 7:04 | Crear | Villager (Male) |
| 7:09 | Construir | House |
| 7:22 | Crear | Villager (Male) |
| 7:23 | Crear | Villager (Male) |
| 7:30 | Construir | Mining Camp |
| 7:37 | Crear | Villager (Male) |
| 8:36 | Investigar | Feudal Age |
| 9:54 | Crear | Villager (Male) |
| 10:59 | Edad | Edad Feudal |
| 11:03 | Construir | Blacksmith |
| 11:11 | Construir | Market |
| 11:16 | Investigar | Double-Bit Axe |
| 11:19 | Investigar | Horse Collar |
| 11:35 | Crear | Villager (Male) |
| 11:59 | Crear | Villager (Male) |
| 12:21 | Construir | House |
| 12:33 | Crear | Villager (Male) |
| 12:53 | Investigar | Castle Age |
| 13:06 | Construir | Mining Camp |
| 14:25 | Construir | House |
| 14:42 | Construir | Mill |
| 15:38 | Edad | Edad de los Castillos |
| 15:43 | Construir | Town Center |
| 15:55 | Construir | Town Center |
| 16:01 | Construir | Monastery |
| 16:08 | Investigar | Heavy Plow |
| 16:11 | Crear | Villager (Male) |
| 16:12 | Crear | Villager (Male) |
| 16:12 | Crear | Villager (Male) |
| 16:38 | Construir | Farm |
| 16:48 | Crear | Monk |
| 16:53 | Crear | Monk |
| 17:06 | Construir | Farm |
| 17:17 | Crear | Villager (Male) |
| 17:29 | Construir | Farm |
| 17:29 | Crear | Villager (Male) |
| 18:05 | Crear | Villager (Male) |
| 18:06 | Construir | Farm |
| 18:07 | Crear | Villager (Male) |
| 18:08 | Crear | Villager (Male) |
| 18:18 | Construir | Farm |
| 18:19 | Construir | Farm |
| 18:32 | Construir | Farm |
| 19:02 | Crear | Villager (Male) |
| 19:13 | Crear | Villager (Male) |
| 19:14 | Crear | Villager (Male) |
| 19:14 | Crear | Villager (Male) |
| 19:22 | Construir | Town Center |
| 19:29 | Construir | Farm |
| 19:34 | Construir | University |
| 19:39 | Crear | Villager (Male) |
| 19:45 | Crear | Monk |
| 20:28 | Construir | Farm |
| 20:30 | Construir | Farm |
| 20:31 | Crear | Villager (Male) |
| 20:35 | Crear | Villager (Male) |
| 20:36 | Crear | Villager (Male) |
| 21:04 | Construir | House |
| 21:06 | Investigar | Fortified Wall (upgrade) |
| 21:09 | Crear | Villager (Male) |
| 21:10 | Crear | Villager (Male) |
| 21:16 | Construir | Farm |
| 21:17 | Construir | Farm |
| 21:18 | Construir | Farm |
| 21:22 | Crear | Villager (Male) |
| 21:26 | Crear | Villager (Male) |
| 22:04 | Crear | Villager (Male) |
| 22:05 | Crear | Villager (Male) |
| 22:05 | Crear | Villager (Male) |
| 22:06 | Crear | Villager (Male) |
| 22:14 | Construir | Farm |
| 22:15 | Construir | Farm |
| 22:16 | Construir | Farm |
| 22:31 | Crear | Villager (Male) |
| 22:31 | Crear | Villager (Male) |
| 22:32 | Crear | Villager (Male) |
| 22:32 | Crear | Villager (Male) |
| 22:42 | Construir | House |
| 22:43 | Construir | House |
| 22:43 | Construir | House |
| 22:44 | Construir | House |
| 22:59 | Construir | Farm |
| 23:02 | Crear | Villager (Male) |
| 23:02 | Crear | Villager (Male) |
| 23:03 | Crear | Villager (Male) |
| 23:03 | Crear | Villager (Male) |
| 23:42 | Crear | Villager (Male) |
| 23:43 | Crear | Villager (Male) |
| 23:46 | Investigar | Bow Saw |
| 24:04 | Investigar | Wheelbarrow |
| 24:23 | Crear | Villager (Male) |
| 24:24 | Crear | Villager (Male) |
| 24:58 | Crear | Villager (Male) |
| 24:59 | Crear | Villager (Male) |
| 25:00 | Crear | Villager (Male) |
| 25:00 | Crear | Villager (Male) |
| 25:11 | Construir | Farm |
| 25:13 | Construir | Farm |
| 25:14 | Construir | Farm |
| 25:15 | Construir | Farm |
| 25:25 | Crear | Villager (Male) |
| 25:26 | Crear | Villager (Male) |
| 25:26 | Crear | Villager (Male) |
| 25:33 | Construir | Farm |
| 25:43 | Construir | Market |
| 25:45 | Construir | Market |
| 25:47 | Construir | Market |
| 25:49 | Construir | Market |
| 25:53 | Construir | Farm |
| 25:54 | Construir | Farm |
| 25:55 | Construir | Farm |
| 25:57 | Construir | Farm |
| 26:01 | Construir | Farm |
| 26:16 | Construir | House |
| 26:17 | Construir | House |
| 26:18 | Construir | House |
| 26:19 | Construir | House |
| 26:22 | Construir | House |
| 26:23 | Construir | House |
| 26:24 | Construir | House |
| 26:25 | Construir | House |
| 26:28 | Construir | House |
| 26:29 | Construir | House |
| 26:31 | Construir | House |
| 26:32 | Construir | House |
| 26:35 | Crear | Villager (Male) |
| 26:35 | Crear | Villager (Male) |
| 26:36 | Crear | Villager (Male) |
Build order — 三七互娱
Primeras 150 de 445 acciones detectadas
| 0:04 | Construir | House |
| 0:09 | Construir | House |
| 0:09 | Crear | Villager (Male) |
| 0:10 | Crear | Villager (Male) |
| 0:10 | Crear | Villager (Male) |
| 0:10 | Crear | Villager (Male) |
| 1:32 | Crear | Villager (Male) |
| 1:32 | Crear | Villager (Male) |
| 1:53 | Construir | Lumber Camp |
| 2:06 | Crear | Villager (Male) |
| 2:22 | Crear | Villager (Male) |
| 2:22 | Crear | Villager (Male) |
| 2:22 | Crear | Villager (Male) |
| 2:52 | Crear | Villager (Male) |
| 2:53 | Crear | Villager (Male) |
| 3:08 | Construir | House |
| 3:12 | Crear | Villager (Male) |
| 3:12 | Crear | Villager (Male) |
| 3:44 | Crear | Villager (Male) |
| 3:45 | Crear | Villager (Male) |
| 3:54 | Crear | Villager (Male) |
| 4:09 | Construir | Mill |
| 4:34 | Crear | Villager (Male) |
| 4:34 | Crear | Villager (Male) |
| 4:34 | Crear | Villager (Male) |
| 4:45 | Investigar | Loom |
| 5:31 | Crear | Villager (Male) |
| 5:31 | Crear | Villager (Male) |
| 5:32 | Crear | Villager (Male) |
| 6:31 | Construir | Farm |
| 6:44 | Crear | Villager (Male) |
| 6:48 | Construir | Farm |
| 6:58 | Crear | Villager (Male) |
| 6:58 | Crear | Villager (Male) |
| 7:05 | Crear | Villager (Male) |
| 7:05 | Crear | Villager (Male) |
| 7:06 | Crear | Villager (Male) |
| 7:17 | Construir | Mill |
| 7:19 | Construir | House |
| 7:47 | Construir | House |
| 8:01 | Crear | Villager (Male) |
| 8:01 | Crear | Villager (Male) |
| 8:12 | Construir | House |
| 8:20 | Construir | Farm |
| 8:32 | Crear | Villager (Male) |
| 8:33 | Crear | Villager (Male) |
| 10:20 | Construir | Mining Camp |
| 10:27 | Investigar | Feudal Age |
| 11:40 | Construir | House |
| 11:41 | Construir | House |
| 11:42 | Construir | House |
| 13:10 | Edad | Edad Feudal |
| 13:18 | Construir | Market |
| 13:26 | Construir | Blacksmith |
| 13:30 | Crear | Villager (Male) |
| 13:51 | Investigar | Double-Bit Axe |
| 13:52 | Investigar | Horse Collar |
| 14:00 | Crear | Villager (Male) |
| 14:09 | Construir | House |
| 14:15 | Construir | House |
| 14:17 | Construir | House |
| 14:18 | Construir | House |
| 14:20 | Construir | House |
| 14:28 | Investigar | Castle Age |
| 14:49 | Construir | Lumber Camp |
| 14:53 | Construir | Mining Camp |
| 16:35 | Construir | Farm |
| 16:39 | Crear | Villager (Male) |
| 17:08 | Edad | Edad de los Castillos |
| 17:17 | Construir | Town Center |
| 17:20 | Crear | Villager (Male) |
| 17:35 | Construir | Farm |
| 17:36 | Crear | Villager (Male) |
| 17:54 | Construir | Town Center |
| 17:56 | Crear | Villager (Male) |
| 18:01 | Construir | Farm |
| 18:01 | Crear | Villager (Male) |
| 18:08 | Investigar | Bow Saw |
| 18:26 | Construir | Farm |
| 18:26 | Crear | Villager (Male) |
| 18:31 | Crear | Villager (Male) |
| 18:34 | Crear | Villager (Male) |
| 18:51 | Construir | Farm |
| 18:52 | Crear | Villager (Male) |
| 18:57 | Crear | Villager (Male) |
| 19:10 | Investigar | Heavy Plow |
| 19:19 | Construir | Farm |
| 19:25 | Crear | Villager (Male) |
| 19:42 | Construir | Farm |
| 19:51 | Crear | Villager (Male) |
| 19:54 | Construir | Farm |
| 19:57 | Crear | Villager (Male) |
| 20:07 | Construir | Farm |
| 20:09 | Crear | Villager (Male) |
| 20:21 | Crear | Villager (Male) |
| 20:21 | Crear | Villager (Male) |
| 20:36 | Crear | Villager (Male) |
| 20:39 | Construir | Farm |
| 20:53 | Crear | Villager (Male) |
| 20:53 | Crear | Villager (Male) |
| 20:55 | Construir | Farm |
| 21:05 | Construir | Farm |
| 21:06 | Crear | Villager (Male) |
| 21:11 | Construir | Farm |
| 21:17 | Crear | Villager (Male) |
| 21:21 | Crear | Villager (Male) |
| 21:21 | Crear | Villager (Male) |
| 21:22 | Crear | Villager (Male) |
| 21:49 | Construir | Farm |
| 21:51 | Crear | Villager (Male) |
| 21:57 | Construir | Farm |
| 22:07 | Crear | Villager (Male) |
| 22:09 | Construir | Farm |
| 22:11 | Crear | Villager (Male) |
| 22:14 | Crear | Villager (Male) |
| 22:20 | Construir | Farm |
| 22:25 | Construir | Farm |
| 22:27 | Crear | Villager (Male) |
| 22:37 | Construir | Farm |
| 22:42 | Construir | Farm |
| 22:46 | Crear | Villager (Male) |
| 22:50 | Crear | Villager (Male) |
| 22:56 | Construir | Farm |
| 22:57 | Construir | Farm |
| 23:00 | Construir | Farm |
| 23:02 | Construir | Mill |
| 23:04 | Construir | Farm |
| 23:05 | Construir | Farm |
| 23:07 | Construir | Farm |
| 23:07 | Construir | Farm |
| 23:09 | Construir | Farm |
| 23:12 | Crear | Villager (Male) |
| 23:16 | Crear | Villager (Male) |
| 23:17 | Crear | Villager (Male) |
| 23:18 | Crear | Villager (Male) |
| 23:22 | Crear | Villager (Male) |
| 23:33 | Crear | Villager (Male) |
| 23:35 | Crear | Villager (Male) |
| 23:47 | Construir | House |
| 23:48 | Construir | House |
| 23:50 | Construir | House |
| 23:53 | Crear | Villager (Male) |
| 24:03 | Crear | Villager (Male) |
| 24:06 | Crear | Villager (Male) |
| 24:07 | Crear | Villager (Male) |
| 24:09 | Crear | Villager (Male) |
| 24:17 | Crear | Villager (Male) |
| 24:20 | Crear | Villager (Male) |
| 24:24 | Crear | Villager (Male) |
| 24:49 | Construir | Farm |
Build order —
Primeras 150 de 897 acciones detectadas
| 0:00 | Construir | House |
| 0:02 | Construir | House |
| 1:42 | Construir | Lumber Camp |
| 2:23 | Investigar | Tech None |
| 3:55 | Construir | Mill |
| 4:11 | Construir | House |
| 5:11 | Construir | Lumber Camp |
| 6:08 | Construir | Mill |
| 6:27 | Construir | House |
| 8:17 | Construir | Mining Camp |
| 8:21 | Construir | House |
| 8:52 | Construir | Farm |
| 8:57 | Construir | Farm |
| 9:31 | Construir | Farm |
| 9:53 | Construir | Farm |
| 10:11 | Construir | Farm |
| 10:24 | Investigar | Tech None |
| 10:24 | Construir | House |
| 10:41 | Construir | Farm |
| 11:58 | Construir | Lumber Camp |
| 12:36 | Construir | Market |
| 12:37 | Construir | Blacksmith |
| 13:26 | Construir | House |
| 13:46 | Investigar | Tech None |
| 13:51 | Investigar | Tech None |
| 13:53 | Investigar | Tech None |
| 14:07 | Construir | Farm |
| 15:19 | Construir | Farm |
| 15:21 | Construir | Farm |
| 16:04 | Construir | Farm |
| 16:32 | Investigar | Tech None |
| 16:33 | Investigar | Tech None |
| 16:33 | Construir | Town Center |
| 16:47 | Construir | House |
| 17:03 | Construir | Town Center |
| 17:14 | Construir | House |
| 17:25 | Construir | House |
| 17:51 | Investigar | Tech None |
| 18:32 | Construir | Farm |
| 19:02 | Construir | Farm |
| 19:09 | Construir | Farm |
| 19:27 | Construir | Farm |
| 19:39 | Construir | Town Center |
| 20:03 | Construir | Farm |
| 20:10 | Construir | Farm |
| 20:33 | Construir | Farm |
| 20:39 | Construir | Farm |
| 20:50 | Construir | Farm |
| 20:59 | Construir | Farm |
| 21:05 | Construir | Farm |
| 21:06 | Construir | Castle |
| 21:21 | Construir | Farm |
| 21:28 | Construir | Farm |
| 21:39 | Construir | Farm |
| 21:48 | Construir | Farm |
| 21:58 | Construir | Farm |
| 22:05 | Construir | House |
| 22:08 | Construir | House |
| 22:12 | Construir | Farm |
| 22:34 | Construir | Farm |
| 22:37 | Construir | Farm |
| 22:40 | Construir | Farm |
| 22:57 | Construir | Farm |
| 23:02 | Construir | Farm |
| 23:08 | Construir | Farm |
| 23:12 | Construir | Farm |
| 23:38 | Construir | Farm |
| 23:45 | Construir | Farm |
| 23:53 | Construir | Farm |
| 23:56 | Investigar | Tech None |
| 23:57 | Construir | Farm |
| 24:01 | Construir | Farm |
| 24:04 | Construir | Farm |
| 24:14 | Construir | Farm |
| 24:23 | Crear | Hussite Wagon |
| 24:23 | Construir | Lumber Camp |
| 24:31 | Construir | Farm |
| 24:38 | Construir | Lumber Camp |
| 24:48 | Construir | Lumber Camp |
| 24:53 | Construir | Farm |
| 25:09 | Construir | Farm |
| 25:19 | Construir | Farm |
| 25:24 | Construir | House |
| 25:25 | Construir | House |
| 25:27 | Construir | Farm |
| 25:34 | Construir | Mining Camp |
| 25:44 | Construir | Farm |
| 25:52 | Construir | Farm |
| 25:58 | Crear | Hussite Wagon |
| 26:12 | Construir | Farm |
| 26:18 | Construir | Farm |
| 26:27 | Construir | Monastery |
| 26:27 | Construir | Monastery |
| 26:29 | Construir | House |
| 26:31 | Construir | House |
| 26:36 | Construir | Farm |
| 26:42 | Construir | Farm |
| 26:56 | Construir | Mining Camp |
| 26:57 | Construir | House |
| 27:00 | Construir | Farm |
| 27:07 | Construir | Mining Camp |
| 27:09 | Construir | Mining Camp |
| 27:11 | Investigar | Tech None |
| 27:19 | Investigar | Tech None |
| 27:19 | Construir | Farm |
| 27:23 | Construir | House |
| 27:35 | Crear | Hussite Wagon |
| 27:35 | Construir | Mill |
| 27:41 | Construir | Mill |
| 28:03 | Construir | Barracks |
| 28:11 | Construir | Mining Camp |
| 28:21 | Construir | Lumber Camp |
| 28:30 | Construir | Barracks |
| 28:39 | Crear | Monk |
| 28:49 | Construir | Lumber Camp |
| 28:52 | Investigar | Tech None |
| 28:54 | Construir | Barracks |
| 29:04 | Construir | House |
| 29:06 | Construir | House |
| 29:16 | Construir | Stable |
| 29:26 | Construir | Archery Range |
| 29:35 | Construir | House |
| 29:36 | Investigar | Tech None |
| 29:36 | Construir | University |
| 29:49 | Construir | Castle |
| 29:49 | Construir | Market |
| 29:54 | Construir | Mining Camp |
| 30:13 | Construir | Barracks |
| 30:19 | Investigar | Tech None |
| 30:34 | Construir | Market |
| 31:15 | Construir | House |
| 31:17 | Construir | House |
| 31:19 | Construir | House |
| 31:20 | Investigar | Tech None |
| 31:24 | Investigar | Tech None |
| 31:29 | Construir | Market |
| 31:50 | Construir | Lumber Camp |
| 31:57 | Construir | Barracks |
| 32:02 | Construir | Siege Workshop |
| 32:04 | Construir | Siege Workshop |
| 32:08 | Investigar | Tech None |
| 32:10 | Investigar | Tech None |
| 32:40 | Construir | Barracks |
| 32:40 | Construir | Stable |
| 32:42 | Construir | Barracks |
| 32:51 | Construir | Stable |
| 32:54 | Construir | Castle |
| 32:54 | Investigar | Tech None |
| 32:55 | Construir | Mining Camp |
| 33:00 | Crear | Monk |
Build order —
Primeras 150 de 1162 acciones detectadas
| 0:00 | Investigar | Tech None |
| 0:00 | Construir | House |
| 0:02 | Construir | House |
| 1:42 | Construir | Lumber Camp |
| 3:43 | Construir | Mill |
| 3:46 | Construir | House |
| 5:30 | Construir | Lumber Camp |
| 6:40 | Construir | Mill |
| 6:56 | Construir | House |
| 7:49 | Construir | Farm |
| 8:05 | Construir | Farm |
| 8:42 | Construir | House |
| 9:20 | Construir | Mining Camp |
| 9:47 | Construir | Farm |
| 10:18 | Construir | Mining Camp |
| 10:20 | Investigar | Tech None |
| 10:25 | Construir | House |
| 10:52 | Construir | Farm |
| 12:03 | Construir | Lumber Camp |
| 12:33 | Construir | Market |
| 13:09 | Construir | Blacksmith |
| 13:47 | Investigar | Tech None |
| 13:47 | Construir | House |
| 13:48 | Investigar | Tech None |
| 14:07 | Investigar | Tech None |
| 14:30 | Construir | Farm |
| 14:40 | Construir | Farm |
| 16:28 | Investigar | Tech None |
| 16:29 | Investigar | Tech None |
| 16:29 | Construir | Town Center |
| 17:39 | Construir | Town Center |
| 17:41 | Construir | House |
| 17:43 | Construir | House |
| 18:24 | Investigar | Tech None |
| 18:34 | Construir | Farm |
| 18:49 | Construir | Farm |
| 19:11 | Construir | Farm |
| 19:18 | Construir | Castle |
| 19:19 | Construir | Farm |
| 19:38 | Construir | Farm |
| 19:49 | Construir | Farm |
| 19:59 | Construir | Farm |
| 20:15 | Construir | Farm |
| 20:22 | Construir | Farm |
| 20:28 | Construir | Farm |
| 20:39 | Construir | House |
| 20:41 | Construir | House |
| 20:45 | Construir | Farm |
| 21:08 | Construir | Farm |
| 21:13 | Construir | Farm |
| 21:33 | Construir | Farm |
| 21:37 | Construir | Farm |
| 21:42 | Construir | Farm |
| 21:53 | Construir | Farm |
| 22:03 | Construir | Farm |
| 22:15 | Construir | Farm |
| 22:30 | Construir | Farm |
| 22:38 | Construir | Farm |
| 22:43 | Construir | Farm |
| 22:50 | Construir | Farm |
| 22:57 | Construir | Farm |
| 22:59 | Construir | Farm |
| 23:02 | Construir | Farm |
| 23:13 | Construir | Lumber Camp |
| 23:20 | Construir | Farm |
| 23:24 | Crear | Plumed Archer |
| 23:32 | Construir | Farm |
| 23:38 | Construir | House |
| 23:39 | Construir | House |
| 23:43 | Investigar | Tech None |
| 23:49 | Construir | Farm |
| 24:09 | Crear | Plumed Archer |
| 24:12 | Construir | Farm |
| 24:14 | Construir | House |
| 24:22 | Investigar | Tech None |
| 24:23 | Construir | Farm |
| 24:27 | Crear | Plumed Archer |
| 24:27 | Construir | Farm |
| 24:31 | Construir | Farm |
| 24:39 | Construir | Farm |
| 24:44 | Construir | House |
| 25:01 | Construir | Monastery |
| 25:09 | Construir | Farm |
| 25:16 | Construir | Mining Camp |
| 25:19 | Construir | House |
| 25:34 | Construir | Farm |
| 25:37 | Construir | Farm |
| 25:40 | Investigar | Tech None |
| 25:45 | Crear | Plumed Archer |
| 25:49 | Investigar | Tech None |
| 25:54 | Construir | Farm |
| 26:07 | Construir | Barracks |
| 26:15 | Crear | Plumed Archer |
| 26:16 | Investigar | Tech None |
| 26:21 | Construir | Farm |
| 26:34 | Construir | Farm |
| 26:35 | Construir | Mill |
| 26:44 | Construir | Farm |
| 26:47 | Crear | Plumed Archer |
| 26:58 | Construir | Farm |
| 27:09 | Construir | Siege Workshop |
| 27:16 | Crear | Monk |
| 27:18 | Construir | Lumber Camp |
| 27:24 | Construir | Farm |
| 27:35 | Investigar | Tech None |
| 27:35 | Construir | Farm |
| 27:42 | Construir | Archery Range |
| 27:49 | Construir | Farm |
| 27:51 | Construir | Farm |
| 27:53 | Construir | House |
| 27:56 | Construir | House |
| 27:59 | Construir | House |
| 28:18 | Construir | Town Center |
| 28:19 | Construir | House |
| 28:26 | Construir | Farm |
| 28:35 | Construir | Farm |
| 28:39 | Construir | Farm |
| 28:41 | Construir | Farm |
| 29:04 | Construir | Farm |
| 29:16 | Construir | Farm |
| 29:23 | Crear | Plumed Archer |
| 29:31 | Investigar | Tech None |
| 29:33 | Construir | Mining Camp |
| 29:36 | Investigar | Tech None |
| 29:50 | Construir | Mining Camp |
| 29:52 | Crear | Plumed Archer |
| 29:57 | Construir | Mining Camp |
| 30:08 | Investigar | Tech None |
| 30:24 | Construir | Lumber Camp |
| 30:31 | Construir | House |
| 30:33 | Construir | House |
| 30:43 | Construir | Barracks |
| 30:55 | Construir | Barracks |
| 31:02 | Crear | Plumed Archer |
| 31:12 | Construir | Barracks |
| 31:19 | Crear | Plumed Archer |
| 31:19 | Construir | House |
| 31:20 | Construir | House |
| 31:28 | Investigar | Tech None |
| 31:31 | Construir | Market |
| 32:01 | Investigar | Tech None |
| 32:12 | Construir | House |
| 32:13 | Construir | House |
| 32:21 | Construir | Castle |
| 32:24 | Construir | Market |
| 32:44 | Investigar | Tech None |
| 33:12 | Investigar | Tech None |
| 33:34 | Crear | Eagle Scout |
| 33:36 | Crear | Eagle Scout |
| 33:36 | Construir | House |
Build order —
Primeras 150 de 750 acciones detectadas
| 0:00 | Investigar | Tech None |
| 1:40 | Construir | Lumber Camp |
| 3:19 | Construir | House |
| 3:58 | Construir | Mill |
| 5:24 | Construir | House |
| 5:58 | Construir | Lumber Camp |
| 7:26 | Construir | Mill |
| 7:31 | Construir | House |
| 8:13 | Construir | Farm |
| 8:49 | Construir | Farm |
| 9:28 | Construir | Mining Camp |
| 9:32 | Investigar | Tech None |
| 9:37 | Construir | House |
| 10:48 | Construir | Lumber Camp |
| 11:29 | Construir | Lumber Camp |
| 11:49 | Construir | Market |
| 12:49 | Construir | Blacksmith |
| 12:59 | Construir | House |
| 13:12 | Investigar | Tech None |
| 13:25 | Investigar | Tech None |
| 13:49 | Construir | Farm |
| 14:06 | Construir | Farm |
| 14:20 | Construir | Farm |
| 14:42 | Investigar | Tech None |
| 14:52 | Construir | Farm |
| 14:52 | Construir | Farm |
| 14:53 | Construir | Farm |
| 14:54 | Construir | Farm |
| 15:06 | Construir | Farm |
| 15:13 | Construir | Farm |
| 16:07 | Investigar | Tech None |
| 16:22 | Construir | Town Center |
| 16:30 | Construir | House |
| 16:47 | Construir | Farm |
| 17:24 | Investigar | Tech None |
| 18:31 | Construir | Town Center |
| 18:42 | Construir | Farm |
| 18:59 | Construir | Farm |
| 19:09 | Construir | Farm |
| 19:24 | Construir | Farm |
| 19:35 | Construir | Farm |
| 19:49 | Investigar | Tech None |
| 19:57 | Construir | Farm |
| 20:03 | Construir | Castle |
| 20:09 | Construir | Farm |
| 20:13 | Construir | Farm |
| 20:23 | Construir | Farm |
| 20:35 | Construir | Farm |
| 20:53 | Investigar | Tech None |
| 21:03 | Construir | Farm |
| 21:12 | Construir | Farm |
| 21:25 | Construir | Farm |
| 21:29 | Construir | Farm |
| 21:38 | Construir | Farm |
| 21:42 | Construir | Farm |
| 22:20 | Construir | Town Center |
| 22:24 | Construir | Town Center |
| 22:27 | Construir | Town Center |
| 22:34 | Construir | Farm |
| 22:37 | Construir | Farm |
| 22:50 | Investigar | Tech None |
| 22:50 | Construir | Farm |
| 22:58 | Construir | Farm |
| 23:03 | Construir | Farm |
| 23:10 | Construir | Lumber Camp |
| 23:39 | Construir | Farm |
| 23:50 | Construir | Farm |
| 23:53 | Investigar | Tech None |
| 23:55 | Investigar | Tech None |
| 23:56 | Construir | Farm |
| 24:08 | Construir | Farm |
| 24:13 | Construir | Lumber Camp |
| 24:33 | Construir | Farm |
| 24:48 | Construir | Farm |
| 25:07 | Construir | Monastery |
| 25:09 | Investigar | Tech None |
| 25:09 | Construir | Farm |
| 25:17 | Construir | Farm |
| 25:25 | Investigar | Tech None |
| 25:32 | Construir | Mining Camp |
| 25:38 | Construir | Farm |
| 25:45 | Construir | Farm |
| 25:59 | Construir | Farm |
| 26:01 | Construir | House |
| 26:05 | Construir | House |
| 26:07 | Construir | Farm |
| 26:16 | Investigar | Tech None |
| 26:23 | Construir | Farm |
| 26:29 | Construir | Farm |
| 26:32 | Construir | House |
| 26:35 | Construir | Barracks |
| 26:43 | Construir | House |
| 26:46 | Construir | Farm |
| 26:48 | Construir | Mining Camp |
| 26:51 | Construir | Farm |
| 26:56 | Construir | Farm |
| 27:06 | Construir | House |
| 27:16 | Construir | Farm |
| 27:19 | Construir | Mill |
| 27:28 | Construir | Farm |
| 27:30 | Construir | House |
| 27:33 | Construir | Mill |
| 27:41 | Construir | Farm |
| 27:48 | Construir | Farm |
| 27:51 | Construir | Mill |
| 27:56 | Construir | Farm |
| 27:59 | Crear | Chu Ko Nu |
| 28:06 | Investigar | Tech None |
| 28:06 | Construir | Farm |
| 28:06 | Construir | House |
| 28:08 | Construir | Mining Camp |
| 28:11 | Investigar | Tech None |
| 28:21 | Construir | Lumber Camp |
| 28:31 | Construir | Archery Range |
| 28:33 | Construir | House |
| 28:42 | Investigar | Tech None |
| 28:45 | Construir | University |
| 29:02 | Construir | House |
| 29:06 | Construir | Barracks |
| 29:13 | Construir | Barracks |
| 29:13 | Construir | Market |
| 29:26 | Investigar | Tech None |
| 29:45 | Construir | Barracks |
| 29:54 | Construir | Market |
| 29:54 | Construir | Siege Workshop |
| 30:04 | Construir | Siege Workshop |
| 30:10 | Construir | Farm |
| 30:11 | Investigar | Tech None |
| 30:27 | Investigar | Tech None |
| 30:27 | Construir | Castle |
| 30:28 | Construir | Market |
| 30:36 | Construir | Stable |
| 30:38 | Construir | House |
| 30:39 | Construir | House |
| 31:01 | Construir | Barracks |
| 31:08 | Construir | Barracks |
| 31:13 | Construir | House |
| 31:15 | Construir | Barracks |
| 31:17 | Construir | House |
| 31:19 | Investigar | Tech None |
| 31:19 | Investigar | Tech None |
| 31:22 | Construir | Lumber Camp |
| 31:29 | Construir | House |
| 31:38 | Construir | Market |
| 31:45 | Construir | House |
| 31:50 | Construir | Siege Workshop |
| 31:54 | Construir | House |
| 31:57 | Construir | Barracks |
| 32:06 | Construir | Stable |
| 32:12 | Crear | Scout Cavalry |
Build order —
Primeras 150 de 716 acciones detectadas
| 0:00 | Construir | House |
| 0:02 | Construir | House |
| 1:42 | Construir | Lumber Camp |
| 3:46 | Construir | House |
| 4:11 | Construir | Mill |
| 5:20 | Construir | Lumber Camp |
| 5:52 | Construir | House |
| 7:13 | Construir | Mining Camp |
| 7:35 | Construir | Farm |
| 7:56 | Construir | House |
| 8:23 | Construir | Farm |
| 8:54 | Construir | Farm |
| 9:09 | Investigar | Tech None |
| 9:18 | Construir | Farm |
| 9:44 | Construir | Farm |
| 10:05 | Construir | Farm |
| 11:24 | Construir | Market |
| 12:11 | Construir | House |
| 12:27 | Construir | Blacksmith |
| 13:00 | Investigar | Tech None |
| 13:02 | Investigar | Tech None |
| 13:21 | Construir | House |
| 13:31 | Investigar | Tech None |
| 13:40 | Construir | Farm |
| 13:52 | Construir | Farm |
| 14:50 | Construir | Farm |
| 15:04 | Construir | Farm |
| 15:08 | Construir | Farm |
| 15:17 | Construir | Farm |
| 15:38 | Construir | Farm |
| 15:43 | Investigar | Tech None |
| 15:43 | Construir | Farm |
| 15:44 | Construir | Town Center |
| 16:08 | Investigar | Tech None |
| 16:44 | Investigar | Tech None |
| 16:44 | Construir | Town Center |
| 16:58 | Construir | Town Center |
| 17:06 | Construir | House |
| 17:12 | Construir | House |
| 17:41 | Investigar | Tech None |
| 17:58 | Construir | Farm |
| 18:12 | Investigar | Tech None |
| 18:24 | Construir | Farm |
| 18:36 | Construir | Farm |
| 18:47 | Construir | Farm |
| 19:00 | Construir | Farm |
| 19:07 | Construir | Farm |
| 19:28 | Construir | Farm |
| 19:37 | Construir | Farm |
| 19:55 | Construir | Farm |
| 19:56 | Construir | House |
| 19:57 | Construir | House |
| 20:09 | Construir | Farm |
| 20:19 | Construir | Farm |
| 20:26 | Construir | Farm |
| 20:44 | Construir | Lumber Camp |
| 20:46 | Construir | Farm |
| 21:01 | Construir | Farm |
| 21:08 | Construir | Farm |
| 21:17 | Construir | Farm |
| 21:35 | Construir | Farm |
| 21:38 | Construir | House |
| 21:40 | Construir | House |
| 21:50 | Construir | Farm |
| 21:54 | Construir | Monastery |
| 22:02 | Construir | Farm |
| 22:09 | Construir | Farm |
| 22:16 | Construir | Farm |
| 22:27 | Construir | Farm |
| 22:43 | Construir | Barracks |
| 22:48 | Construir | Farm |
| 23:13 | Construir | House |
| 23:14 | Construir | House |
| 23:16 | Investigar | Tech None |
| 23:19 | Construir | Farm |
| 23:33 | Construir | Farm |
| 23:35 | Construir | Farm |
| 23:41 | Construir | Farm |
| 23:45 | Construir | House |
| 23:47 | Construir | House |
| 23:52 | Construir | Mill |
| 24:04 | Construir | Farm |
| 24:25 | Construir | Stable |
| 24:29 | Construir | Farm |
| 24:37 | Construir | Farm |
| 24:45 | Construir | Lumber Camp |
| 24:55 | Construir | Archery Range |
| 25:03 | Construir | House |
| 25:04 | Construir | House |
| 25:07 | Construir | Farm |
| 25:20 | Construir | Farm |
| 25:32 | Construir | Siege Workshop |
| 25:34 | Construir | House |
| 25:35 | Construir | Farm |
| 25:45 | Construir | Mill |
| 25:52 | Construir | Farm |
| 25:58 | Construir | Mining Camp |
| 26:09 | Construir | Farm |
| 26:13 | Investigar | Tech None |
| 26:17 | Construir | Farm |
| 26:38 | Construir | Mining Camp |
| 26:42 | Investigar | Tech None |
| 26:42 | Construir | Farm |
| 26:43 | Investigar | Tech None |
| 26:43 | Investigar | Tech None |
| 26:44 | Investigar | Tech None |
| 26:56 | Construir | House |
| 26:57 | Construir | House |
| 26:58 | Construir | House |
| 27:02 | Construir | Stable |
| 27:21 | Construir | University |
| 27:24 | Investigar | Tech None |
| 27:24 | Construir | House |
| 27:26 | Investigar | Tech None |
| 27:26 | Construir | House |
| 27:39 | Construir | Stable |
| 27:46 | Construir | Stable |
| 27:54 | Investigar | Tech None |
| 28:19 | Construir | Stable |
| 28:37 | Crear | Knight |
| 28:45 | Construir | Lumber Camp |
| 28:47 | Crear | Knight |
| 28:58 | Construir | Stable |
| 29:00 | Crear | Knight |
| 29:04 | Crear | Knight |
| 29:13 | Crear | Knight |
| 29:24 | Crear | Knight |
| 29:26 | Investigar | Tech None |
| 29:36 | Construir | Market |
| 29:40 | Crear | Knight |
| 29:40 | Construir | House |
| 29:41 | Construir | House |
| 29:43 | Construir | House |
| 29:52 | Crear | Knight |
| 29:57 | Construir | Stable |
| 30:15 | Investigar | Tech None |
| 30:36 | Construir | Barracks |
| 30:43 | Construir | Barracks |
| 30:43 | Construir | Siege Workshop |
| 30:48 | Construir | Barracks |
| 30:54 | Investigar | Tech None |
| 31:01 | Crear | Knight |
| 31:02 | Investigar | Tech None |
| 31:02 | Crear | Knight |
| 31:22 | Construir | Barracks |
| 31:27 | Construir | Siege Workshop |
| 31:28 | Construir | Market |
| 31:43 | Crear | Knight |
| 31:46 | Construir | Barracks |
| 31:48 | Crear | Knight |
Cronología de la partida
| 10:44 | @(・●・)@ · age_up feudal |
| 10:59 | nandaring · age_up feudal |
| 11:48 | 斯提里科 · age_up feudal |
| 12:32 | @(・●・)@ · first_building Barracks |
| 13:10 | 三七互娱 · age_up feudal |
| 14:07 | @(・●・)@ · first_building Stable |
| 15:18 | 斯提里科 · age_up castle |
| 15:38 | nandaring · age_up castle |
| 16:01 | nandaring · first_building Monastery |
| 16:37 | @(・●・)@ · age_up castle |
| 16:47 | @(・●・)@ · first_building Monastery |
| 17:08 | 三七互娱 · age_up castle |
| 19:18 | · first_building Castle |
| 20:03 | · first_building Castle |
| 21:06 | · first_building Castle |
| 21:45 | · first_market_buy 100 stone |
| 21:54 | · first_building Monastery |
| 22:04 | 斯提里科 · first_building Castle |
| 22:43 | · first_building Barracks |
| 24:25 | · first_building Stable |
| 24:51 | 斯提里科 · first_building Siege Workshop |
| 24:55 | · first_building Archery Range |
| 25:01 | · first_building Monastery |
| 25:03 | 斯提里科 · first_building Barracks |
| 25:07 | · first_building Monastery |
| 25:16 | @(・●・)@ · first_building Castle |
| 25:31 | · first_market_sell 100 food |
| 25:32 | · first_building Siege Workshop |
| 25:48 | 斯提里科 · first_building Archery Range |
| 26:07 | · first_building Barracks |
| 26:12 | · first_market_buy 100 wood |
| 26:27 | · first_building Monastery |
| 26:30 | 三七互娱 · first_building Castle |
| 26:35 | · first_building Barracks |
| 26:56 | · first_market_sell 100 wood |
| 27:09 | · first_building Siege Workshop |
| 27:11 | · first_market_sell 100 wood |
| 27:33 | · first_market_sell 100 food |
| 27:42 | · first_building Archery Range |
| 27:54 | 三七互娱 · first_building Barracks |
| 28:03 | · first_building Barracks |
| 28:03 | · first_market_buy 100 stone |
| 28:31 | · first_building Archery Range |
| 28:46 | 三七互娱 · first_building Archery Range |
| 29:12 | nandaring · first_building Castle |
| 29:16 | · first_building Stable |
| 29:26 | @(・●・)@ · age_up imperial |
| 29:26 | · first_building Archery Range |
| 29:44 | @(・●・)@ · first_building Siege Workshop |
| 29:52 | 斯提里科 · age_up imperial |
| 29:54 | · first_building Siege Workshop |
| 30:36 | · first_building Stable |
| 31:18 | @(・●・)@ · first_market_sell 100 food |
| 31:40 | nandaring · first_building Barracks |
| 31:41 | 三七互娱 · age_up imperial |
| 32:02 | · first_building Siege Workshop |
| 33:42 | nandaring · first_building Siege Workshop |
| 34:00 | · first_building Castle |
| 34:51 | nandaring · age_up imperial |
| 36:35 | nandaring · first_building Archery Range |
| 39:26 | 三七互娱 · first_building Siege Workshop |
| 45:43 | @(・●・)@ · first_building Archery Range |
| 46:56 | · first_market_buy 100 food |
| 49:23 | 斯提里科 · first_building Stable |
| 54:15 | nandaring · first_market_buy 500 stone |
| 55:09 | 三七互娱 · first_building Monastery |
| 59:15 | 斯提里科 · first_market_sell 100 food |
| 70:04 | · resign |
[ ANÁLISIS IA · 1 CRÉDITO ]
¿Qué pasó realmente en esta partida?
Wolo.gg analiza cada decisión: build order, eco, micro, errores típicos por bracket. Análisis personalizado por WhatsApp o Discord en 30 segundos.
Guía civ
Persas
Guía mapa
Arena
Perfil
Jugador #21187070